Pick #1

Connor Bedard
Pick #2

Leo Carlsson
Pick #3

Adam Fantilli
Pick #4

Matvei Michkov
Pick #5

David Reinbacher
Pick #6

William Smith
Pick #7

Zachary Benson
Pick #8

Ryan Leonard
Pick #9

Gabriel Perreault
Pick #10

Axel Sandin-Pellika
Pick #11

Daniil But
Pick #12

Dalibor Dvorsky
Pick #13

Quentin Musty
Pick #14

Brayden Yager
Pick #15

Dmitry Simashev
Pick #16

Colby Barlow
Pick #17

Andrew Cristall
Pick #18

Easton Cowan
Pick #19

Jacob Fowler
Pick #20

Oliver Moore
Pick #21

Oliver Bonk
Pick #22

Tom Willander
Pick #23

Calum Ritchie
Pick #24

Tanner Molendyk
Pick #25

Gavin Brindley
Pick #26

Nate Danielson
Pick #27

Pick #28

Pick #29

Pick #30

Pick #31

Pick #32

Pick #33

Pick #34

Pick #35

Pick #36

Pick #37

Pick #38

Pick #39

Pick #40

Pick #41

Pick #42

Pick #43

Pick #44

Pick #45

Pick #46

Pick #47

Pick #48

Pick #49

Pick #50

Pick #51

Pick #52

Pick #53

Pick #54

Pick #55

Pick #56

Pick #57

Pick #58

Pick #59

Pick #60

Pick #61

Pick #62

Pick #63

Pick #64

Pick #65

Pick #66

Pick #67

Pick #68

Pick #69

Pick #70

Pick #71

Pick #72

Pick #73

Pick #74

Pick #75

Pick #76

Pick #77

Pick #78

Pick #79

Pick #80

Pick #81

Pick #82

Pick #83

Pick #84

Pick #85

Pick #86

Pick #87

Pick #88

Pick #89

Pick #90

Pick #91

Pick #92

Pick #93

Pick #94

Pick #95

Pick #96

Pick #97

Pick #98

Pick #99

Pick #100

Pick #101

Pick #102

Pick #103

Pick #104

Pick #105

Pick #106

Pick #107

Pick #108

Pick #109

Pick #110

Pick #111

Pick #112

Pick #113

Pick #114

Pick #115

Pick #116

Pick #117

Pick #118

Pick #119

Pick #120

Pick #121

Pick #122

Pick #123

Pick #124

Pick #125

Pick #126

Pick #127

Pick #128

Pick #129

Pick #130

Full Scoreboard »»

Capitals vs Canadiens

Created - March 20, 2024 at 00:52

Goals
1 2 3 T
Capitals 0 1 1 2
Canadiens 1 4 1 6
Shots
1 2 3 T
Capitals 7 4 11 22
Canadiens 5 16 15 36

GoalsPenalties
1st period
1. Canadiens , Artturi Lehkonen 16 (Ivan Provorov 35) at 2:37
Jaccob Slavin (MTL) for Tripping (Minor) at 12:47
Elias Pettersson (WSH) for Holding (Minor) at 12:47
2nd period
2. Canadiens , Valeri Nichushkin 26 (Ryan Suter 26, Leon Draisaitl 35) at 3:59
3. Capitals , Elias Pettersson 20 (Cody Ceci 25, Noah Dobson 27) at 4:43
4. Canadiens , Andrew Cogliano 1 (Alexander Kerfoot 16, Alex Goligoski 19) at 16:24
5. Canadiens , Teuvo Teravainen 20 (Artturi Lehkonen 12, Ryan O'Reilly 38) at 16:50
6. Canadiens , Daniel Sprong 17 (Alex Goligoski 20, Lars Eller 19) at 18:58
Mattias Ekholm (MTL) for High sticking (Minor) at 1:01
Cody Ceci (WSH) for High sticking (Minor) at 6:06
3rd period
7. Canadiens , Mattias Ekholm 13 (Alexander Kerfoot 17, Jaccob Slavin 35) at 3:12
8. Capitals , Kevin Labanc 15 (Jordan Greenway 12, Jonas Siegenthaler 32) at 8:40
Ben Hutton (WSH) for Hooking (Minor) at 11:12
Goalie Stats
Joonas Korpisalo (WSH), 14 saves from 15 shots - (0.933), 21:02 minutes
Pyotr Kochetkov (WSH), 16 saves from 21 shots - (0.762), L, 8-26-3, 38:58 minutes
Kaapo Kahkonen (MTL), 20 saves from 22 shots - (0.909), W, 28-8-8, 60:00 minutes
3 StarsOfficial
1 - Artturi Lehkonen (MTL)
2 - Alex Goligoski (MTL)
3 - Teuvo Teravainen (MTL)
Referees : Stephen Hiff and Ian Walsh
Linesman : Justin Cornell and Bevan Mills
Game Note
Joonas Korpisalo enters game at 18:58 of 2nd period
Finance
Level 1 -- Attendance: 5948 (91.51%) -- Ticket Income $713,760
Level 2 -- Attendance: 5000 (100.00%) -- Ticket Income $425,000
Level 3 -- Attendance: 3150 (90.00%) -- Ticket Income $204,750
Level 4 -- Attendance: 3208 (60.68%) -- Ticket Income $64,160
Luxury Box -- Attendance: 979 (97.90%) -- Ticket Income $215,380
Game was played at the Bell Centre.
Total Attendance: 18285 (85.90%)
Total Ticket Income: $1,623,050
Other Income: $405,762
Total Income: $2,028,812



Team Name Goals Shots Shots Attemp Shots Blocked PIM HIT PP PK FO%
Capitals 22242106180 / 1 (0%)041%
Canadiens 6366954210 / 2 (0%)059%

Capitals
Player Name POS G A P +/- PIM HIT SHT SB MP PP MP PP SHT PK MP PK SHT FO% FOT
Alex ChiassonRW000-1003014:300:0000:0000% 1
Ben HuttonD000-1210114:500:0001:2500% 0
Brad HuntD000-1001021:221:0201:2800% 0
Calen AddisonD000-1000213:260:0000:0000% 0
Cody CeciD011-2251123:340:5700:5300% 0
David KampfC000-100004:400:0000:00043% 7
Elias PetterssonC101-1214021:170:5703:07039% 33
Jonas SiegenthalerD011-1011121:341:0201:4000% 0
Jordan GreenwayLW011-1042019:321:0200:510100% 1
Kaapo KakkoRW000-1021018:110:5700:0000% 1
Kevin LabancRW101-1002017:541:0200:0000% 0
Matias MaccelliLW000-2010125:580:5703:0700% 0
Michael RasmussenC000-1001014:300:0000:00047% 17
Morgan FrostC000000000:000:0000:0000% 0
Noah DobsonD011-2022425:120:5702:3000% 0
Pavel ZachaC000-1003019:321:0200:51041% 22
Quinton ByfieldC000-1011014:300:0000:0000% 1
Tyler JohnsonC000-100003:280:0000:0000% 0
Canadiens
Player Name POS G A P +/- PIM HIT SHT SB MP PP MP PP SHT PK MP PK SHT FO% FOT
Alex GoligoskiD0222011015:360:0000:4900% 0
Alexander KerfootC022100007:570:0000:38060% 10
Andrew CoglianoC101101108:400:0001:21050% 2
Anthony ManthaRW0001011013:150:0000:0000% 0
Artturi LehkonenLW1122043019:482:1600:3800% 0
Brendan GallagherRW000100107:190:0000:000100% 1
Daniel SprongRW1011004013:150:0000:000100% 1
Filip ForsbergLW0000001018:171:4200:00050% 2
Ivan ProvorovD0111024021:231:4221:1000% 0
Jaccob SlavinD0111230023:471:4201:2100% 0
Lars EllerC0111002013:150:0000:00061% 18
Leon DraisaitlC0110006018:361:4200:00059% 22
Mattias EkholmD1011211323:502:1600:0000% 0
Ryan O'ReillyC0112034020:122:1601:21054% 26
Ryan SuterD0112020119:382:1600:3800% 0
Teuvo TeravainenLW1012005018:012:1610:0000% 0
Trevor van RiemsdykD0001001115:440:0000:0000% 0
Valeri NichushkinRW1010031017:271:4200:000100% 1



Play-by-Play

1st period


0:01 of 1st period - Leon Draisaitl wins face-off versus Elias Pettersson in neutral zone.
0:30 of 1st period - Shot by Noah Dobson.
0:30 of 1st period - Stopped by Kaapo Kahkonen with a rebound.
0:33 of 1st period - Icing by Jaccob Slavin.
0:34 of 1st period - Pavel Zacha wins face-off versus Leon Draisaitl in Canadiens zone.
1:09 of 1st period - Shot by Artturi Lehkonen.
1:09 of 1st period - Stopped by Pyotr Kochetkov with a rebound.
1:11 of 1st period - Shot by Teuvo Teravainen.
1:11 of 1st period - Shot Misses the Net.
1:18 of 1st period - Icing by Brad Hunt.
1:19 of 1st period - Lars Eller wins face-off versus Pavel Zacha in Capitals zone.
1:22 of 1st period - Shot by Daniel Sprong.
1:22 of 1st period - Stopped by Pyotr Kochetkov without a rebound.
1:23 of 1st period - Lars Eller wins face-off versus Michael Rasmussen in Capitals zone.
2:37 of 1st period - Shot by Artturi Lehkonen.
2:37 of 1st period - Goal by Artturi Lehkonen - Capitals : 0 - Canadiens : 1.
2:38 of 1st period - Pavel Zacha wins face-off versus Alexander Kerfoot in neutral zone.
2:47 of 1st period - Shot by Pavel Zacha.
2:47 of 1st period - Shot Misses the Net.
2:53 of 1st period - Jaccob Slavin is hit by Jordan Greenway.
3:05 of 1st period - Shot by Alexander Kerfoot.
3:05 of 1st period - Shot Misses the Net.
3:21 of 1st period - Jonas Siegenthaler is hit by Andrew Cogliano and loses puck.
3:51 of 1st period - Icing by Noah Dobson.
3:52 of 1st period - Elias Pettersson wins face-off versus Leon Draisaitl in Capitals zone.
3:52 of 1st period - Elias Pettersson is hit by Valeri Nichushkin.
4:08 of 1st period - Shot by Kaapo Kakko.
4:08 of 1st period - Stopped by Kaapo Kahkonen without a rebound.
4:09 of 1st period - Lars Eller wins face-off versus Michael Rasmussen in Canadiens zone.
4:27 of 1st period - Calen Addison is hit by Ivan Provorov and loses puck.
5:17 of 1st period - Icing by Ryan O'Reilly.
5:18 of 1st period - Ryan O'Reilly wins face-off versus Elias Pettersson in Canadiens zone.
5:56 of 1st period - Shot by Kaapo Kakko.
5:56 of 1st period - Shot Misses the Net.
6:38 of 1st period - Shot by Jordan Greenway.
6:38 of 1st period - Shot Blocked by Mattias Ekholm.
7:19 of 1st period - Shot by Leon Draisaitl.
7:19 of 1st period - Shot Blocked by Calen Addison.
8:38 of 1st period - Icing by Cody Ceci.
8:39 of 1st period - Elias Pettersson wins face-off versus Lars Eller in Capitals zone.
10:19 of 1st period - Shot by Leon Draisaitl.
10:19 of 1st period - Stopped by Pyotr Kochetkov without a rebound.
10:20 of 1st period - David Kampf wins face-off versus Ryan O'Reilly in Capitals zone.
10:20 of 1st period - David Kampf is hit by Artturi Lehkonen.
11:41 of 1st period - Shot by Pavel Zacha.
11:41 of 1st period - Shot Blocked by Mattias Ekholm.
11:43 of 1st period - Shot by Brad Hunt.
11:43 of 1st period - Stopped by Kaapo Kahkonen without a rebound.
11:44 of 1st period - Andrew Cogliano wins face-off versus Michael Rasmussen in Canadiens zone.
11:44 of 1st period - Andrew Cogliano is hit by Quinton Byfield.
12:09 of 1st period - Icing by Alex Chiasson.
12:10 of 1st period - Lars Eller wins face-off versus Quinton Byfield in Capitals zone.
12:15 of 1st period - Shot by Daniel Sprong.
12:15 of 1st period - Shot Misses the Net.
12:30 of 1st period - Icing by Anthony Mantha.
12:31 of 1st period - Lars Eller wins face-off versus Elias Pettersson in Canadiens zone.
12:47 of 1st period - Minor Penalty to Jaccob Slavin for Tripping.
12:47 of 1st period - Minor Penalty to Elias Pettersson for Holding.
12:48 of 1st period - David Kampf wins face-off versus Leon Draisaitl in Canadiens zone.
13:19 of 1st period - Jonas Siegenthaler is hit by Artturi Lehkonen and loses puck.
13:25 of 1st period - Icing by Brad Hunt.
13:26 of 1st period - Ryan O'Reilly wins face-off versus David Kampf in Capitals zone.
13:51 of 1st period - Shot by Filip Forsberg.
13:51 of 1st period - Deflect By Ryan O'Reilly.
13:51 of 1st period - Shot Misses the Net.
14:36 of 1st period - Leon Draisaitl is hit by Cody Ceci and loses puck.
15:18 of 1st period - Icing by Michael Rasmussen.
15:19 of 1st period - Lars Eller wins face-off versus Michael Rasmussen in Capitals zone.
15:28 of 1st period - Shot by Daniel Sprong.
15:28 of 1st period - Shot Misses the Net.
15:35 of 1st period - Alex Chiasson is hit by Jaccob Slavin and loses puck.
15:40 of 1st period - Shot by Quinton Byfield.
15:40 of 1st period - Deflect By Alex Chiasson.
15:40 of 1st period - Stopped by Kaapo Kahkonen without a rebound.
15:41 of 1st period - Elias Pettersson wins face-off versus Leon Draisaitl in Canadiens zone.
16:17 of 1st period - Kaapo Kakko is hit by Ryan Suter and loses puck.
16:42 of 1st period - Brad Hunt is hit by Valeri Nichushkin and loses puck.
16:59 of 1st period - Shot by Pavel Zacha.
16:59 of 1st period - Shot Misses the Net.
17:01 of 1st period - Shot by Jonas Siegenthaler.
17:01 of 1st period - Stopped by Kaapo Kahkonen without a rebound.
17:02 of 1st period - Michael Rasmussen wins face-off versus Ryan O'Reilly in Canadiens zone.
17:24 of 1st period - Shot by Artturi Lehkonen.
17:24 of 1st period - Stopped by Pyotr Kochetkov with a rebound.
18:14 of 1st period - Icing by Kaapo Kakko.
18:15 of 1st period - Alexander Kerfoot wins face-off versus Elias Pettersson in Capitals zone.
18:45 of 1st period - Kaapo Kakko is hit by Jaccob Slavin and loses puck.
19:07 of 1st period - Icing by Jonas Siegenthaler.
19:08 of 1st period - Leon Draisaitl wins face-off versus Pavel Zacha in Capitals zone.
19:21 of 1st period - Shot by Alex Goligoski.
19:21 of 1st period - Shot Blocked by Jonas Siegenthaler.
19:44 of 1st period - Shot by Jordan Greenway.
19:44 of 1st period - Stopped by Kaapo Kahkonen with a rebound.
19:46 of 1st period - Shot by Pavel Zacha.
19:46 of 1st period - Stopped by Kaapo Kahkonen without a rebound.
19:47 of 1st period - Michael Rasmussen wins face-off versus Ryan O'Reilly in Canadiens zone.
19:56 of 1st period - Shot by Michael Rasmussen.
19:56 of 1st period - Shot Misses the Net.
19:58 of 1st period - Shot by Cody Ceci.
19:58 of 1st period - Shot Misses the Net.
Goals for this period are 0 for Capitals vs 1 for Canadiens.
Shots for this period are 7 for Capitals vs 5 for Canadiens.

2nd period


0:01 of 2nd period - Ryan O'Reilly wins face-off versus Elias Pettersson in neutral zone.
0:03 of 2nd period - Teuvo Teravainen is hit by Cody Ceci and loses puck.
0:12 of 2nd period - Shot by Ryan O'Reilly.
0:12 of 2nd period - Stopped by Pyotr Kochetkov without a rebound.
0:13 of 2nd period - Leon Draisaitl wins face-off versus Pavel Zacha in Capitals zone.
0:29 of 2nd period - Valeri Nichushkin is hit by Jordan Greenway and loses puck.
0:46 of 2nd period - Shot by Leon Draisaitl.
0:46 of 2nd period - Stopped by Pyotr Kochetkov without a rebound.
0:47 of 2nd period - Ryan O'Reilly wins face-off versus Elias Pettersson in Capitals zone.
1:01 of 2nd period - Minor Penalty to Mattias Ekholm for High sticking.
1:02 of 2nd period - Ryan O'Reilly wins face-off versus Elias Pettersson in Canadiens zone.
1:02 of 2nd period - Ryan O'Reilly is hit by Matias Maccelli.
1:14 of 2nd period - Shot by Andrew Cogliano.
1:14 of 2nd period - Deflect By Ryan O'Reilly.
1:14 of 2nd period - Shot Misses the Net.
2:06 of 2nd period - Shot by Pavel Zacha.
2:06 of 2nd period - Shot Misses the Net.
2:24 of 2nd period - Shot by Pavel Zacha.
2:24 of 2nd period - Shot Misses the Net.
2:46 of 2nd period - Jordan Greenway is hit by Artturi Lehkonen and loses puck.
3:45 of 2nd period - Icing by Alex Chiasson.
3:46 of 2nd period - Leon Draisaitl wins face-off versus Michael Rasmussen in Capitals zone.
3:53 of 2nd period - Shot by Leon Draisaitl.
3:53 of 2nd period - Shot Misses the Net.
3:55 of 2nd period - Shot by Leon Draisaitl.
3:55 of 2nd period - Shot Blocked by Calen Addison.
3:59 of 2nd period - Shot by Valeri Nichushkin.
3:59 of 2nd period - Goal by Valeri Nichushkin - Capitals : 0 - Canadiens : 2.
4:00 of 2nd period - Leon Draisaitl wins face-off versus Elias Pettersson in neutral zone.
4:43 of 2nd period - Shot by Elias Pettersson.
4:43 of 2nd period - Goal by Elias Pettersson - Capitals : 1 - Canadiens : 2.
4:44 of 2nd period - Ryan O'Reilly wins face-off versus Pavel Zacha in neutral zone.
5:05 of 2nd period - Shot by Teuvo Teravainen.
5:05 of 2nd period - Stopped by Pyotr Kochetkov with a rebound.
5:24 of 2nd period - Icing by Jonas Siegenthaler.
5:25 of 2nd period - Lars Eller wins face-off versus Pavel Zacha in Capitals zone.
5:46 of 2nd period - Shot by Lars Eller.
5:46 of 2nd period - Stopped by Pyotr Kochetkov with a rebound.
5:48 of 2nd period - Shot by Alex Goligoski.
5:48 of 2nd period - Stopped by Pyotr Kochetkov with a rebound.
5:50 of 2nd period - Shot by Alex Goligoski.
5:50 of 2nd period - Shot Misses the Net.
5:52 of 2nd period - Shot by Trevor van Riemsdyk.
5:52 of 2nd period - Stopped by Pyotr Kochetkov without a rebound.
5:53 of 2nd period - Leon Draisaitl wins face-off versus Elias Pettersson in Capitals zone.
5:58 of 2nd period - Shot by Leon Draisaitl.
5:58 of 2nd period - Stopped by Pyotr Kochetkov without a rebound.
5:59 of 2nd period - Elias Pettersson wins face-off versus Ryan O'Reilly in Capitals zone.
5:59 of 2nd period - Elias Pettersson is hit by Artturi Lehkonen.
6:06 of 2nd period - Minor Penalty to Cody Ceci for High sticking.
6:07 of 2nd period - Leon Draisaitl wins face-off versus Elias Pettersson in Capitals zone.
6:14 of 2nd period - Shot by Ivan Provorov.
6:14 of 2nd period - Stopped by Pyotr Kochetkov without a rebound.
6:15 of 2nd period - Elias Pettersson wins face-off versus Ryan O'Reilly in Capitals zone.
6:43 of 2nd period - Shot by Mattias Ekholm.
6:43 of 2nd period - Shot Blocked by Noah Dobson.
6:45 of 2nd period - Shot by Teuvo Teravainen.
6:45 of 2nd period - Stopped by Pyotr Kochetkov with a rebound.
7:25 of 2nd period - Shot by Leon Draisaitl.
7:25 of 2nd period - Shot Misses the Net.
7:33 of 2nd period - Shot by Jaccob Slavin.
7:33 of 2nd period - Shot Blocked by Noah Dobson.
7:35 of 2nd period - Shot by Ivan Provorov.
7:35 of 2nd period - Shot Blocked by Noah Dobson.
7:37 of 2nd period - Shot by Jaccob Slavin.
7:37 of 2nd period - Deflect By Filip Forsberg.
7:37 of 2nd period - Shot Misses the Net.
7:39 of 2nd period - Shot by Filip Forsberg.
7:39 of 2nd period - Shot Misses the Net.
7:41 of 2nd period - Shot by Filip Forsberg.
7:41 of 2nd period - Shot Misses the Net.
7:43 of 2nd period - Shot by Jaccob Slavin.
7:43 of 2nd period - Shot Blocked by Matias Maccelli.
7:45 of 2nd period - Shot by Valeri Nichushkin.
7:45 of 2nd period - Shot Blocked by Ben Hutton.
8:06 of 2nd period - Off-side.
8:07 of 2nd period - Lars Eller wins face-off versus Pavel Zacha in neutral zone.
10:05 of 2nd period - Shot by Filip Forsberg.
10:05 of 2nd period - Deflect By Leon Draisaitl.
10:05 of 2nd period - Stopped by Pyotr Kochetkov without a rebound.
10:06 of 2nd period - Alexander Kerfoot wins face-off versus Elias Pettersson in Capitals zone.
10:13 of 2nd period - Brendan Gallagher is hit by Kaapo Kakko and loses puck.
10:24 of 2nd period - Shot by Matias Maccelli.
10:24 of 2nd period - Shot Misses the Net.
10:26 of 2nd period - Shot by Matias Maccelli.
10:26 of 2nd period - Shot Misses the Net.
10:28 of 2nd period - Shot by Elias Pettersson.
10:28 of 2nd period - Shot Blocked by Trevor van Riemsdyk.
10:32 of 2nd period - Shot by Matias Maccelli.
10:32 of 2nd period - Shot Misses the Net.
10:34 of 2nd period - Shot by Ben Hutton.
10:34 of 2nd period - Shot Misses the Net.
10:36 of 2nd period - Shot by Elias Pettersson.
10:36 of 2nd period - Stopped by Kaapo Kahkonen without a rebound.
10:37 of 2nd period - Leon Draisaitl wins face-off versus David Kampf in Canadiens zone.
10:46 of 2nd period - Shot by Filip Forsberg.
10:46 of 2nd period - Stopped by Pyotr Kochetkov without a rebound.
10:47 of 2nd period - Michael Rasmussen wins face-off versus Ryan O'Reilly in Capitals zone.
11:48 of 2nd period - Shot by Elias Pettersson.
11:48 of 2nd period - Stopped by Kaapo Kahkonen without a rebound.
11:49 of 2nd period - Filip Forsberg wins face-off versus Pavel Zacha in Canadiens zone.
11:49 of 2nd period - Filip Forsberg is hit by Jordan Greenway.
12:00 of 2nd period - Icing by Ryan Suter.
12:01 of 2nd period - Elias Pettersson wins face-off versus Filip Forsberg in Canadiens zone.
12:06 of 2nd period - Shot by Elias Pettersson.
12:06 of 2nd period - Shot Blocked by Ryan Suter.
12:52 of 2nd period - Leon Draisaitl is hit by Noah Dobson and loses puck.
13:08 of 2nd period - Icing by Trevor van Riemsdyk.
13:09 of 2nd period - Pavel Zacha wins face-off versus Lars Eller in Canadiens zone.
13:15 of 2nd period - Icing by Alex Goligoski.
13:16 of 2nd period - Pavel Zacha wins face-off versus Lars Eller in Canadiens zone.
14:24 of 2nd period - Michael Rasmussen is hit by Mattias Ekholm and loses puck.
14:29 of 2nd period - Shot by Quinton Byfield.
14:29 of 2nd period - Shot Misses the Net.
15:02 of 2nd period - Elias Pettersson is hit by Jaccob Slavin and loses puck.
16:22 of 2nd period - Shot by Alexander Kerfoot.
16:22 of 2nd period - Shot Misses the Net.
16:24 of 2nd period - Shot by Andrew Cogliano.
16:24 of 2nd period - Goal by Andrew Cogliano - Capitals : 1 - Canadiens : 3.
16:25 of 2nd period - Daniel Sprong wins face-off versus Michael Rasmussen in neutral zone.
16:31 of 2nd period - Anthony Mantha is hit by Ben Hutton and loses puck.
16:42 of 2nd period - Shot by Daniel Sprong.
16:42 of 2nd period - Stopped by Pyotr Kochetkov without a rebound.
16:43 of 2nd period - Ryan O'Reilly wins face-off versus David Kampf in Capitals zone.
16:50 of 2nd period - Shot by Teuvo Teravainen.
16:50 of 2nd period - Goal by Teuvo Teravainen - Capitals : 1 - Canadiens : 4.
16:51 of 2nd period - Ryan O'Reilly wins face-off versus Elias Pettersson in neutral zone.
16:59 of 2nd period - Teuvo Teravainen is hit by Cody Ceci and loses puck.
17:23 of 2nd period - Jaccob Slavin is hit by Cody Ceci and loses puck.
18:05 of 2nd period - Icing by Ivan Provorov.
18:06 of 2nd period - Michael Rasmussen wins face-off versus Leon Draisaitl in Canadiens zone.
18:06 of 2nd period - Ben Hutton is hit by Ivan Provorov and loses puck.
18:10 of 2nd period - Michael Rasmussen is hit by Ryan Suter and loses puck.
18:24 of 2nd period - Shot by Alex Chiasson.
18:24 of 2nd period - Stopped by Kaapo Kahkonen without a rebound.
18:25 of 2nd period - Lars Eller wins face-off versus Pavel Zacha in Canadiens zone.
18:58 of 2nd period - Shot by Daniel Sprong.
18:58 of 2nd period - Goal by Daniel Sprong - Capitals : 1 - Canadiens : 5.
18:58 of 2nd period - Joonas Korpisalo enters game.
18:59 of 2nd period - Alexander Kerfoot wins face-off versus Elias Pettersson in neutral zone.
19:05 of 2nd period - Icing by Kaapo Kakko.
19:06 of 2nd period - Elias Pettersson wins face-off versus Leon Draisaitl in Capitals zone.
19:06 of 2nd period - Elias Pettersson is hit by Valeri Nichushkin.
19:55 of 2nd period - Icing by Noah Dobson.
19:56 of 2nd period - Ryan O'Reilly wins face-off versus Elias Pettersson in Capitals zone.
Goals for this period are 1 for Capitals vs 4 for Canadiens.
Shots for this period are 4 for Capitals vs 16 for Canadiens.

3rd period


0:01 of 3rd period - Ryan O'Reilly wins face-off versus Elias Pettersson in neutral zone.
0:28 of 3rd period - Shot by Teuvo Teravainen.
0:28 of 3rd period - Shot Blocked by Cody Ceci.
0:30 of 3rd period - Shot by Ryan O'Reilly.
0:30 of 3rd period - Shot Blocked by Noah Dobson.
0:32 of 3rd period - Shot by Teuvo Teravainen.
0:32 of 3rd period - Stopped by Joonas Korpisalo without a rebound.
0:33 of 3rd period - Brendan Gallagher wins face-off versus Pavel Zacha in Capitals zone.
0:37 of 3rd period - Icing by Jonas Siegenthaler.
0:38 of 3rd period - Pavel Zacha wins face-off versus Alexander Kerfoot in Capitals zone.
0:45 of 3rd period - Shot by Brendan Gallagher.
0:45 of 3rd period - Stopped by Joonas Korpisalo without a rebound.
0:46 of 3rd period - Lars Eller wins face-off versus Kaapo Kakko in Capitals zone.
1:03 of 3rd period - Shot by Elias Pettersson.
1:03 of 3rd period - Stopped by Kaapo Kahkonen without a rebound.
1:04 of 3rd period - Pavel Zacha wins face-off versus Alexander Kerfoot in Canadiens zone.
1:09 of 3rd period - Shot by Kevin Labanc.
1:09 of 3rd period - Stopped by Kaapo Kahkonen without a rebound.
1:10 of 3rd period - Ryan O'Reilly wins face-off versus Elias Pettersson in Canadiens zone.
1:10 of 3rd period - Ryan O'Reilly is hit by Elias Pettersson.
1:48 of 3rd period - Shot by Ryan O'Reilly.
1:48 of 3rd period - Shot Misses the Net.
1:50 of 3rd period - Shot by Teuvo Teravainen.
1:50 of 3rd period - Deflect By Ryan O'Reilly.
1:50 of 3rd period - Shot Misses the Net.
1:56 of 3rd period - Shot by Ryan O'Reilly.
1:56 of 3rd period - Stopped by Joonas Korpisalo without a rebound.
1:57 of 3rd period - Pavel Zacha wins face-off versus Lars Eller in Capitals zone.
1:57 of 3rd period - Pavel Zacha is hit by Anthony Mantha.
2:38 of 3rd period - Off-side.
2:39 of 3rd period - Valeri Nichushkin wins face-off versus Alex Chiasson in neutral zone.
2:48 of 3rd period - Shot by Calen Addison.
2:48 of 3rd period - Shot Misses the Net.
2:50 of 3rd period - Shot by Calen Addison.
2:50 of 3rd period - Deflect By Alex Chiasson.
2:50 of 3rd period - Stopped by Kaapo Kahkonen without a rebound.
2:51 of 3rd period - Elias Pettersson wins face-off versus Alexander Kerfoot in Canadiens zone.
3:12 of 3rd period - Shot by Mattias Ekholm.
3:12 of 3rd period - Goal by Mattias Ekholm - Capitals : 1 - Canadiens : 6.
3:13 of 3rd period - Pavel Zacha wins face-off versus Leon Draisaitl in neutral zone.
3:20 of 3rd period - Shot by Jordan Greenway.
3:20 of 3rd period - Stopped by Kaapo Kahkonen without a rebound.
3:21 of 3rd period - Leon Draisaitl wins face-off versus Elias Pettersson in Canadiens zone.
3:21 of 3rd period - Leon Draisaitl is hit by Cody Ceci.
3:38 of 3rd period - Icing by Noah Dobson.
3:39 of 3rd period - Elias Pettersson wins face-off versus Ryan O'Reilly in Capitals zone.
3:39 of 3rd period - Elias Pettersson is hit by Ryan O'Reilly.
3:50 of 3rd period - Mattias Ekholm is hit by Kaapo Kakko and loses puck.
5:20 of 3rd period - Shot by Michael Rasmussen.
5:20 of 3rd period - Stopped by Kaapo Kahkonen without a rebound.
5:21 of 3rd period - David Kampf wins face-off versus Lars Eller in Canadiens zone.
6:15 of 3rd period - Icing by Quinton Byfield.
6:16 of 3rd period - Alexander Kerfoot wins face-off versus Michael Rasmussen in Capitals zone.
6:31 of 3rd period - Shot by Michael Rasmussen.
6:31 of 3rd period - Shot Blocked by Mattias Ekholm.
6:42 of 3rd period - Shot by Quinton Byfield.
6:42 of 3rd period - Stopped by Kaapo Kahkonen without a rebound.
6:43 of 3rd period - Pavel Zacha wins face-off versus Leon Draisaitl in Canadiens zone.
6:53 of 3rd period - Ryan Suter is hit by Jonas Siegenthaler and loses puck.
7:08 of 3rd period - Shot by Leon Draisaitl.
7:08 of 3rd period - Stopped by Joonas Korpisalo without a rebound.
7:09 of 3rd period - Ryan O'Reilly wins face-off versus Elias Pettersson in Capitals zone.
7:14 of 3rd period - Shot by Teuvo Teravainen.
7:14 of 3rd period - Stopped by Joonas Korpisalo without a rebound.
7:15 of 3rd period - Elias Pettersson wins face-off versus Ryan O'Reilly in Capitals zone.
8:40 of 3rd period - Shot by Kevin Labanc.
8:40 of 3rd period - Goal by Kevin Labanc - Capitals : 2 - Canadiens : 6.
8:41 of 3rd period - Michael Rasmussen wins face-off versus Lars Eller in neutral zone.
8:56 of 3rd period - Shot by Ivan Provorov.
8:56 of 3rd period - Stopped by Joonas Korpisalo without a rebound.
8:57 of 3rd period - Leon Draisaitl wins face-off versus David Kampf in Capitals zone.
8:58 of 3rd period - Shot by Filip Forsberg.
8:58 of 3rd period - Shot Misses the Net.
9:08 of 3rd period - Shot by Leon Draisaitl.
9:08 of 3rd period - Shot Misses the Net.
9:42 of 3rd period - Jonas Siegenthaler is hit by Alex Goligoski and loses puck.
9:50 of 3rd period - Icing by Trevor van Riemsdyk.
9:51 of 3rd period - Leon Draisaitl wins face-off versus Pavel Zacha in Canadiens zone.
9:51 of 3rd period - Leon Draisaitl is hit by Jordan Greenway.
10:33 of 3rd period - Daniel Sprong is hit by Noah Dobson and loses puck.
10:38 of 3rd period - Shot by Anthony Mantha.
10:38 of 3rd period - Shot Misses the Net.
10:40 of 3rd period - Shot by Ivan Provorov.
10:40 of 3rd period - Stopped by Joonas Korpisalo without a rebound.
10:41 of 3rd period - Michael Rasmussen wins face-off versus Andrew Cogliano in Capitals zone.
10:43 of 3rd period - Icing by Alex Chiasson.
10:44 of 3rd period - Alexander Kerfoot wins face-off versus Michael Rasmussen in Capitals zone.
11:12 of 3rd period - Minor Penalty to Ben Hutton for Hooking.
11:13 of 3rd period - Elias Pettersson wins face-off versus Ryan O'Reilly in Capitals zone.
11:50 of 3rd period - Elias Pettersson is hit by Ryan O'Reilly and loses puck.
12:04 of 3rd period - Off-side.
12:05 of 3rd period - Leon Draisaitl wins face-off versus Elias Pettersson in neutral zone.
12:26 of 3rd period - Shot by Valeri Nichushkin.
12:26 of 3rd period - Shot Misses the Net.
12:46 of 3rd period - Shot by Ivan Provorov.
12:46 of 3rd period - Stopped by Joonas Korpisalo without a rebound.
12:47 of 3rd period - Elias Pettersson wins face-off versus Ryan O'Reilly in Capitals zone.
12:58 of 3rd period - Shot by Ryan O'Reilly.
12:58 of 3rd period - Shot Misses the Net.
13:42 of 3rd period - Shot by Pavel Zacha.
13:42 of 3rd period - Shot Misses the Net.
13:51 of 3rd period - Off-side.
13:52 of 3rd period - Michael Rasmussen wins face-off versus Leon Draisaitl in neutral zone.
13:59 of 3rd period - Shot by Michael Rasmussen.
13:59 of 3rd period - Shot Misses the Net.
14:01 of 3rd period - Shot by Cody Ceci.
14:01 of 3rd period - Stopped by Kaapo Kahkonen without a rebound.
14:02 of 3rd period - Ryan O'Reilly wins face-off versus Michael Rasmussen in Canadiens zone.
14:35 of 3rd period - Shot by Artturi Lehkonen.
14:35 of 3rd period - Deflect By Ryan O'Reilly.
14:35 of 3rd period - Stopped by Joonas Korpisalo with a rebound.
14:39 of 3rd period - Shot by Teuvo Teravainen.
14:39 of 3rd period - Deflect By Ryan O'Reilly.
14:39 of 3rd period - Stopped by Joonas Korpisalo without a rebound.
14:40 of 3rd period - Leon Draisaitl wins face-off versus Elias Pettersson in Capitals zone.
14:53 of 3rd period - Shot by Valeri Nichushkin.
14:53 of 3rd period - Shot Misses the Net.
15:01 of 3rd period - Shot by Filip Forsberg.
15:01 of 3rd period - Shot Misses the Net.
15:21 of 3rd period - Shot by Valeri Nichushkin.
15:21 of 3rd period - Shot Misses the Net.
16:05 of 3rd period - Shot by Lars Eller.
16:05 of 3rd period - Stopped by Joonas Korpisalo without a rebound.
16:06 of 3rd period - Ryan O'Reilly wins face-off versus Pavel Zacha in Capitals zone.
16:37 of 3rd period - Shot by Pavel Zacha.
16:37 of 3rd period - Stopped by Kaapo Kahkonen with a rebound.
16:49 of 3rd period - Noah Dobson is hit by Ryan O'Reilly and loses puck.
16:53 of 3rd period - Icing by Noah Dobson.
16:54 of 3rd period - Alexander Kerfoot wins face-off versus Pavel Zacha in Capitals zone.
18:29 of 3rd period - Shot by Leon Draisaitl.
18:29 of 3rd period - Stopped by Joonas Korpisalo without a rebound.
18:30 of 3rd period - Jordan Greenway wins face-off versus Ryan O'Reilly in Capitals zone.
18:40 of 3rd period - Shot by Pavel Zacha.
18:40 of 3rd period - Stopped by Kaapo Kahkonen without a rebound.
18:41 of 3rd period - Lars Eller wins face-off versus Pavel Zacha in Canadiens zone.
18:48 of 3rd period - Shot by Daniel Sprong.
18:48 of 3rd period - Deflect By Anthony Mantha.
18:48 of 3rd period - Stopped by Joonas Korpisalo without a rebound.
18:49 of 3rd period - Michael Rasmussen wins face-off versus Ryan O'Reilly in Capitals zone.
19:21 of 3rd period - Shot by Noah Dobson.
19:21 of 3rd period - Stopped by Kaapo Kahkonen without a rebound.
19:22 of 3rd period - Elias Pettersson wins face-off versus Lars Eller in Canadiens zone.
19:33 of 3rd period - Shot by Daniel Sprong.
19:33 of 3rd period - Stopped by Joonas Korpisalo with a rebound.
Goals for this period are 1 for Capitals vs 1 for Canadiens.
Shots for this period are 11 for Capitals vs 15 for Canadiens.